3AA
BILLINGS POLAR BEARS @ ATLANTIC CITY SONICS
08/17/2020
 
TOP OF THE 1ST
Billings Polar Bears batting - Pitching for Atlantic City Sonics : RHP William Bonner
Pitching: RHP William Bonner
Batting: RHB Clarros Ramada 0-0: Ball
1-0: Swinging Strike
1-1: DOUBLE (Flyball, 78M)
Batting: RHB Jeremy Murphy 0-0: Ball
1-0: Called Strike
1-1: Ground out 6-3 (Groundball, 6)
Batting: LHB Mario Cruz 0-0: Swinging Strike
0-1: Ball
1-1: SINGLE (Groundball, 5D)
Clarros Ramada to third
Batting: RHB José Carlos Ramos 0-0: Foul Ball, location: 2F
0-1: Ball
1-1: Ball
2-1: Foul Ball, location: 2F
2-2: Ball
3-2: Foul Ball, location: 2F
3-2: Foul Ball, location: 2F
3-2: SINGLE (Flyball, 6MD)
Clarros Ramada scores
Mario Cruz to second
Mario Cruz to third
Batting: RHB Jean Chamissa 0-0: Called Strike
0-1: Ball
1-1: Ball
2-1: Foul Ball, location: 2F
2-2: SINGLE (Groundball, 56D)
Mario Cruz scores
José Carlos Ramos to second
Batting: RHB Ulbert Sutkamp 0-0: Grounds into double play, 1-6-3 (Groundball, 13S)
Top of the 1st over - 2 run(s), 4 hit(s), 0 error(s), 1 left on base; Billings 2 - Atlantic City 0
BOTTOM OF THE 1ST
Atlantic City Sonics batting - Pitching for Billings Polar Bears : RHP Manny Caraballo
Pitching: RHP Manny Caraballo
Batting: RHB Josh Stafford 0-0: Ball
1-0: SINGLE (Line Drive, 89S)
Batting: RHB Edgar Stephenson 0-0: Fly out, F7 (Line Drive, 7D)
Batting: SHB Jesús Cabañe 0-0: SINGLE (Line Drive, 9S)
Josh Stafford to second
Runner from 2nd tries for 3rd, OUT!
Jesús Cabañe to second
Batting: LHB Neal Hart 0-0: Called Strike
0-1: Swinging Strike
0-2: Foul Ball, location: 2F
0-2: Strikes out swinging
Bottom of the 1st over - 0 run(s), 2 hit(s), 0 error(s), 1 left on base; Billings 2 - Atlantic City 0
TOP OF THE 2ND
Billings Polar Bears batting - Pitching for Atlantic City Sonics : RHP William Bonner
Batting: SHB Tom Palmer 0-0: Ball
1-0: Foul Ball, location: 2F
1-1: Ground out 4-3 (Groundball, 4)
Batting: RHB Rubén Marino 0-0: Foul Ball, location: 2F
0-1: Called Strike
0-2: Ground out U3 (Groundball, 3S)
Batting: LHB Eduardo Álvarez 0-0: Foul Ball, location: 2F
0-1: Ball
1-1: Ball
2-1: SINGLE (Line Drive, 4MD)
Batting: RHB Clarros Ramada 0-0: Called Strike
0-1: Swinging Strike
0-2: Fly out, F8 (Flyball, 89M)
Top of the 2nd over - 0 run(s), 1 hit(s), 0 error(s), 1 left on base; Billings 2 - Atlantic City 0
BOTTOM OF THE 2ND
Atlantic City Sonics batting - Pitching for Billings Polar Bears : RHP Manny Caraballo
Batting: LHB Pedro López 0-0: Ball
1-0: Foul Ball, location: 2F
1-1: Ball
2-1: Ball
3-1: Base on Balls
Batting: LHB Kip Burks 0-0: Ball
1-0: Ball
2-0: Ball
3-0: Base on Balls
Pedro López to second
Batting: RHB César Ramírez 0-0: Foul Ball, location: 2F
0-1: Ball
1-1: Ball
2-1: Ball
3-1: Foul Ball, location: 2F
3-2: Base on Balls
Pedro López to third
Kip Burks to second
Batting: RHB Bob Ethridge 0-0: Called Strike
0-1: Ball
1-1: Foul Ball, location: 2F
1-2: Ball
2-2: Foul Ball, location: 2F
2-2: Ball
3-2: Foul Ball, location: 2F
3-2: Base on Balls
Pedro López scores
Kip Burks to third
César Ramírez to second
Batting: RHB Leonard Jones 0-0: Ball
1-0: Ball
2-0: Swinging Strike
2-1: Called Strike
2-2: GRAND SLAM HOME RUN (Line Drive, 7D), Distance : 388 ft
Batting: RHB Josh Stafford 0-0: Reached on error, E5 (Groundball, 5)
Batting: RHB Edgar Stephenson 0-0: Called Strike
0-1: Ball
1-1: Foul Ball, location: 2F
1-2: Grounds into double play, U6-3 (Groundball, 6M)
Batting: SHB Jesús Cabañe 0-0: Swinging Strike
0-1: Swinging Strike
0-2: Strikes out swinging
Bottom of the 2nd over - 5 run(s), 1 hit(s), 1 error(s), 0 left on base; Billings 2 - Atlantic City 5
TOP OF THE 3RD
Billings Polar Bears batting - Pitching for Atlantic City Sonics : RHP William Bonner
Batting: RHB Jeremy Murphy 0-0: Ball
1-0: Fly out, F8 (Popup, 8LS)
Batting: LHB Mario Cruz 0-0: Foul Ball, location: 2F
0-1: Foul Ball, location: 2F
0-2: Ball
1-2: Ground out 4-3 (Groundball, 4M)
Batting: RHB José Carlos Ramos 0-0: Ball
1-0: Foul Ball, location: 2F
1-1: Ball
2-1: Fly out, F8 (Flyball, 8RM)
Top of the 3rd over - 0 run(s), 0 hit(s), 0 error(s), 0 left on base; Billings 2 - Atlantic City 5
BOTTOM OF THE 3RD
Atlantic City Sonics batting - Pitching for Billings Polar Bears : RHP Manny Caraballo
Batting: LHB Neal Hart 0-0: Called Strike
0-1: Ground out 4-3 (Groundball, 4)
Batting: LHB Pedro López 0-0: DOUBLE (Line Drive, 78M)
Batting: LHB Kip Burks 0-0: Ball
1-0: Called Strike
1-1: Ball
2-1: Foul Ball, location: 2F
2-2: Ball
3-2: Base on Balls
Batting: RHB César Ramírez 0-0: Called Strike
0-1: Foul Ball, location: 2F
0-2: Strikes out swinging
Batting: RHB Bob Ethridge 0-0: Ball
1-0: Foul Ball, location: 2F
1-1: Fly out, F9 (Flyball, 9LM)
Bottom of the 3rd over - 0 run(s), 1 hit(s), 0 error(s), 2 left on base; Billings 2 - Atlantic City 5
TOP OF THE 4TH
Billings Polar Bears batting - Pitching for Atlantic City Sonics : RHP William Bonner
Batting: RHB Jean Chamissa 0-0: Ball
1-0: Ball
2-0: Foul Ball, location: 2F
2-1: Ball
3-1: Foul Ball, location: 2F
3-2: Ground out 5-3 (Groundball, 56)
Batting: RHB Ulbert Sutkamp 0-0: Called Strike
0-1: Foul Ball, location: 2F
0-2: SINGLE (Groundball, 5D)
Batting: SHB Tom Palmer 0-0: Ball
1-0: Ball
2-0: Ball
3-0: Base on Balls
Ulbert Sutkamp to second
Batting: RHB Rubén Marino 0-0: Ball
1-0: Called Strike
1-1: Swinging Strike
1-2: Ball
2-2: Ball
3-2: Strikes out swinging
Batting: LHB Eduardo Álvarez 0-0: Ball
1-0: Ball
2-0: Fly out, F8 (Flyball, 8LD)
Top of the 4th over - 0 run(s), 1 hit(s), 0 error(s), 2 left on base; Billings 2 - Atlantic City 5
BOTTOM OF THE 4TH
Atlantic City Sonics batting - Pitching for Billings Polar Bears : RHP Manny Caraballo
Batting: RHB Leonard Jones 0-0: Ball
1-0: Swinging Strike
1-1: Foul Ball, location: 2F
1-2: Ball
2-2: Ball
3-2: Strikes out swinging
Batting: RHB Josh Stafford 0-0: Called Strike
0-1: Ball
1-1: Fly out, F7 (Line Drive, 78S)
Batting: RHB Edgar Stephenson 0-0: Ball
1-0: Swinging Strike
1-1: Swinging Strike
1-2: Strikes out looking
Bottom of the 4th over - 0 run(s), 0 hit(s), 0 error(s), 0 left on base; Billings 2 - Atlantic City 5
TOP OF THE 5TH
Billings Polar Bears batting - Pitching for Atlantic City Sonics : RHP William Bonner
Batting: RHB Clarros Ramada 0-0: Swinging Strike
0-1: SINGLE (Line Drive, 34D)
Batting: RHB Jeremy Murphy 0-0: Called Strike
0-1: Fly out, F9 (Flyball, 9LS)
Batting: LHB Mario Cruz 0-0: Swinging Strike
0-1: Fly out, F7 (Flyball, 78S)
Batting: RHB José Carlos Ramos 0-0: Fly out, F8 (Flyball, 8LS)
Top of the 5th over - 0 run(s), 1 hit(s), 0 error(s), 1 left on base; Billings 2 - Atlantic City 5
BOTTOM OF THE 5TH
Atlantic City Sonics batting - Pitching for Billings Polar Bears : RHP Manny Caraballo
Batting: SHB Jesús Cabañe 0-0: SINGLE (Line Drive, 7S)
Batting: LHB Neal Hart 0-0: Ball
Jesús Cabañe is caught stealing 2nd base
1-0: Called Strike
1-1: Swinging Strike
1-2: Strikes out swinging
Batting: LHB Pedro López 0-0: Ball
1-0: Fly out, F5 (Popup, 5F)
Bottom of the 5th over - 0 run(s), 1 hit(s), 0 error(s), 0 left on base; Billings 2 - Atlantic City 5
TOP OF THE 6TH
Billings Polar Bears batting - Pitching for Atlantic City Sonics : RHP William Bonner
Batting: RHB Jean Chamissa 0-0: Ball
1-0: Ball
2-0: Called Strike
2-1: Swinging Strike
2-2: Foul Ball, location: 2F
2-2: Strikes out swinging
Batting: RHB Ulbert Sutkamp 0-0: Foul Ball, location: 2F
0-1: Ball
1-1: Called Strike
1-2: Fly out, F8 (Line Drive, 8LM)
Batting: SHB Tom Palmer 0-0: Called Strike
0-1: Foul Ball, location: 2F
0-2: Foul Ball, location: 2F
0-2: Ball
1-2: Strikes out looking
Top of the 6th over - 0 run(s), 0 hit(s), 0 error(s), 0 left on base; Billings 2 - Atlantic City 5
BOTTOM OF THE 6TH
Atlantic City Sonics batting - Pitching for Billings Polar Bears : RHP Manny Caraballo
Batting: LHB Kip Burks 0-0: Ball
1-0: Called Strike
1-1: Ball
2-1: Foul Ball, location: 2F
2-2: DOUBLE (Flyball, 8LXD)
Batting: RHB César Ramírez 0-0: Called Strike
0-1: Foul Ball, location: 2F
0-2: Ball
1-2: SINGLE (Line Drive, 56)
Kip Burks to third
Runner from 3rd tries for Home, SAFE, throw made home
Pitching: RHP Mike Russell
Batting: RHB Bob Ethridge 0-0: Sac Bunt - play at first, batter OUT! 1-3
César Ramírez to second
Batting: RHB Leonard Jones 0-0: Called Strike
0-1: Ball
1-1: SINGLE (Groundball, 6MD)
César Ramírez to third
Runner from 3rd tries for Home, SAFE, throw made home
Batting: RHB Josh Stafford 0-0: Ball
1-0: Ball
2-0: Foul Ball, location: 2F
2-1: Grounds into double play, 6-4-3 (Groundball, 6)
Bottom of the 6th over - 2 run(s), 3 hit(s), 0 error(s), 0 left on base; Billings 2 - Atlantic City 7
TOP OF THE 7TH
Billings Polar Bears batting - Pitching for Atlantic City Sonics : RHP William Bonner
Batting: RHB Rubén Marino 0-0: Called Strike
0-1: Ball
1-1: Swinging Strike
1-2: Ball
2-2: Ball
3-2: Foul Ball, location: 2F
3-2: Strikes out swinging
Batting: LHB Eduardo Álvarez 0-0: Called Strike
0-1: Ball
1-1: Ball
2-1: Called Strike
2-2: Strikes out swinging
Batting: RHB Clarros Ramada 0-0: Called Strike
0-1: Ball
1-1: Foul Ball, location: 2F
1-2: Foul Ball, location: 2F
1-2: Fly out, F2 (Popup, 2LF)
Top of the 7th over - 0 run(s), 0 hit(s), 0 error(s), 0 left on base; Billings 2 - Atlantic City 7
BOTTOM OF THE 7TH
Atlantic City Sonics batting - Pitching for Billings Polar Bears : RHP Mike Russell
Batting: RHB Edgar Stephenson 0-0: Ball
1-0: Ball
2-0: Ball
3-0: Called Strike
3-1: Foul Ball, location: 2F
3-2: Fly out, F9 (Flyball, 9S)
Batting: SHB Jesús Cabañe 0-0: Called Strike
0-1: Ball
1-1: Called Strike
1-2: Foul Ball, location: 2F
1-2: Ground out U3 (Groundball, 3)
Batting: LHB Neal Hart 0-0: Ball
1-0: Ball
2-0: Foul Ball, location: 2F
2-1: Ground out 6-3 (Groundball, 6)
Bottom of the 7th over - 0 run(s), 0 hit(s), 0 error(s), 0 left on base; Billings 2 - Atlantic City 7
TOP OF THE 8TH
Billings Polar Bears batting - Pitching for Atlantic City Sonics : RHP William Bonner
Now at SS: Marty Hayden
Batting: RHB Jeremy Murphy 0-0: Ball
1-0: Called Strike
1-1: Foul Ball, location: 2F
1-2: Ball
2-2: Foul Ball, location: 2F
2-2: Ball
3-2: Base on Balls
Batting: LHB Mario Cruz 0-0: Ball
1-0: Ball
2-0: Called Strike
2-1: Ball
3-1: Foul Ball, location: 2F
3-2: Fly out, F8 (Flyball, 8RD)
Runner from 1st tags up, OUT at 2nd
Batting: RHB José Carlos Ramos 0-0: Called Strike
0-1: SINGLE (Flyball, 6MD)
Pitching: RHP Bob Manning
Batting: RHB Jean Chamissa 0-0: Ground out 5-3 (Groundball, 5S)
Top of the 8th over - 0 run(s), 1 hit(s), 0 error(s), 1 left on base; Billings 2 - Atlantic City 7
BOTTOM OF THE 8TH
Atlantic City Sonics batting - Pitching for Billings Polar Bears : RHP Mike Russell
Batting: LHB Pedro López 0-0: Called Strike
0-1: Ball
1-1: Called Strike
1-2: Fly out, F7 (Flyball, 7S)
Batting: LHB Kip Burks 0-0: Ball
1-0: Foul Ball, location: 2F
1-1: Foul Ball, location: 2F
1-2: Foul Ball, location: 2F
1-2: Ball
2-2: Foul Ball, location: 2F
2-2: Foul Ball, location: 2F
2-2: Foul Ball, location: 2F
2-2: Ball
3-2: Ground out 4-3 (Groundball, 4)
Batting: RHB César Ramírez 0-0: Swinging Strike
0-1: Ball
Single, Error in OF, E7, batter to second base
Batting: RHB Bob Ethridge 0-0: Ground out 6-3 (Groundball, 6)
Bottom of the 8th over - 0 run(s), 1 hit(s), 1 error(s), 1 left on base; Billings 2 - Atlantic City 7
TOP OF THE 9TH
Billings Polar Bears batting - Pitching for Atlantic City Sonics : RHP Bob Manning
Batting: RHB Ulbert Sutkamp 0-0: Ball
1-0: Ball
2-0: Called Strike
2-1: SINGLE (Line Drive, 8RS)
Batting: SHB Tom Palmer 0-0: Ball
1-0: Called Strike
1-1: Ball
2-1: SINGLE (Groundball, 5D)
Ulbert Sutkamp to second
Batting: RHB Rubén Marino 0-0: SINGLE (Groundball, 56D)
Ulbert Sutkamp to third
Tom Palmer to second
Runner from 3rd tries for Home, throw and OUT!
Tom Palmer to third
Rubén Marino to second
Batting: LHB Eduardo Álvarez 0-0: Called Strike
0-1: Ball
1-1: Foul Ball, location: 2F
1-2: Ground out 6-3 (Groundball, 6)
Tom Palmer scores
Rubén Marino to third
Batting: RHB Clarros Ramada 0-0: Ball
1-0: Fly out, F7 (Flyball, 7M)
Top of the 9th over - 1 run(s), 3 hit(s), 0 error(s), 1 left on base; Billings 3 - Atlantic City 7
This league is powered by Out of the Park Baseball, the baseball management simulation game for PC, Mac and Linux
Friday, October 23rd, 2015 - OOTP Baseball 16.9 Build 39